 Dungeon Crawl Stone Soup version 0.25.1-2-g60ff931df9 (webtiles) character file.

Game seed: 11077758100750985132

37 Martska the Skirmisher (level 3, -2/33 HPs)
             Began as a Minotaur Berserker on Aug 22, 2020.
             Was a Follower of Trog.
             Slain by a gnoll
             ... wielding a +0 spear
              (4 damage)
             ... on level 2 of the Dungeon.
             The game lasted 00:01:37 (1093 turns).

Martska the Skirmisher (Minotaur Berserker)         Turns: 1093, Time: 00:01:38

Health: -2/33      AC:  3    Str: 28    XL:     3   Next: 23%
Magic:  2/2        EV:  6    Int:  4    God:    Trog [*.....]
Gold:   80         SH:  0    Dex:  9    Spells: 2/2 levels left

rFire    . . .     SeeInvis .   a - +0 hand axe
rCold    . . .     Gourm    .   (no shield)
rNeg     . . .     Faith    .   i - +0 leather armour
rPois    .         Spirit   .   (helmet restricted)
rElec    .         Reflect  .   (no cloak)
rCorr    .         Harm     .   (no gloves)
MR       .....                  (no boots)
Stlth    +.........             d - amulet of regeneration
HPRegen  0.51/turn              g - +6 ring of strength
MPRegen  0.08/turn              k - ring of wizardry

@: held
A: retaliatory headbutt, horns 2
a: Berserk, Renounce Religion


You were on level 2 of the Dungeon.
You worshipped Trog.
Trog was aware of your devotion.
You were hungry.

You visited 1 branch of the dungeon, and saw 2 of its levels.

You collected 80 gold pieces.

Inventory:

Hand Weapons
 a - a +0 hand axe (weapon)
Armour
 i - a +0 leather armour (worn)
Jewellery
 d - an amulet of regeneration (around neck)
 g - a +6 ring of strength (left hand)
 k - a ring of wizardry (right hand)
Scrolls
 b - a scroll of magic mapping {unknown}
 h - a scroll of noise {unknown}
 j - a scroll of remove curse {unknown}
Potions
 e - a potion of haste {unknown}
 f - a potion of invisibility {unknown}
Comestibles
 c - 2 rations


   Skills:
 * Level 4.1 Fighting
 * Level 4.1 Axes
 * Level 3.0 Armour
 * Level 2.8 Dodging


You had 2 spell levels left.
You didn't know any spells.
Your spell library was empty.

Dungeon Overview and Level Annotations

Branches:
Dungeon (2/15)

Altars:
Gozag


Innate Abilities, Weirdness & Mutations

You reflexively headbutt those who attack you in melee.
You have a pair of horns on your head.


Message History

The gnoll barely misses you. The gnoll hits you but does no damage.
You hit the hobgoblin.
The hobgoblin is almost dead.
The hobgoblin misses you.
The gnoll hits you from afar with a +0 spear.
You barely miss the hobgoblin. You headbutt the hobgoblin.
You kill the hobgoblin!
Trog accepts your kill.
The gnoll throws a throwing net.
The throwing net hits you.
You become entangled in the net!
A rat comes into view.
The gnoll closely misses you.
You struggle against the net.
The gnoll hits you from afar with a +0 spear!
* * * LOW HITPOINT WARNING * * *
The giant cockroach bites you.
* * * LOW HITPOINT WARNING * * *
You tear a large gash into the net.
The gnoll hits you from afar with a +0 spear.
You die...

#.# .# . #.# .#
.. ..# .# .r.
#.# ##.## ....
#.# #...# ≈≈≈..
#.# #..#
≈≈≈≈.g###.####.#
♣≈≈.gs@...)...#
≈≈≈≈..###)####.#
.._ ≈≈≈.. #.#
#.# .... !...
### #.# ... ...
#.# ... .. #.#
#.# . ###.# #.#
##...####.####
#.....#.>.....


You could see 2 gnolls, a giant cockroach and a rat.

Vanquished Creatures
  A gnoll (D:2)
  A worm (D:2)
  2 leopard geckos (D:1)
  3 giant cockroaches
  4 hobgoblins
  A kobold (D:2)
  A ball python (D:1)
  3 bats
  A frilled lizard (D:1)
  2 goblins
  6 rats
25 creatures vanquished.

Notes
Turn   | Place    | Note
-------+----------+-------------------------------------------
     0 | D:1      | Martska the Minotaur Berserker began the quest for the Orb.
     0 | D:1      | Reached XP level 1. HP: 19/19 MP: 0/0
   408 | D:1      | Reached XP level 2. HP: 27/27 MP: 1/1
  1055 | D:2      | Found an opulent altar of Gozag.
  1088 | D:2      | Reached XP level 3. HP: 17/33 MP: 2/2
  1093 | D:2      | Slain by a gnoll

Illustrated notes

Levels and vault maps discovered:
D:1:      lemuel_arrival_river_ford, layout_loops_corners
D:2:      layout_loops_ring, lemuel_round_altar, elyvilon_altar_3

Skill      XL: |  1  2 |
---------------+-------+-----
Fighting       | 4 |  4.1
Axes           | 4 |  4.1
Armour         | 3 |  3.0
Dodging        | |  2.8

Action                   || total
-------------------------++-------
Melee: Hand axe          ||    41
       Headbutt          ||     9
Armor: Animal skin       ||     1
       Leather armour    ||     1
Dodge: Dodged            ||    29
